 Dungeon Crawl Stone Soup version 0.29-a0-341-g24ffce5b50 (webtiles) character file.

Game seed: 11370087835215799959

83 spiderkeys the Skirmisher (level 4, -3/40 HPs)
             Began as a Ghoul Abyssal Knight on Apr 21, 2022.
             Was a Priest of Lugonu.
             Killed from afar by Natasha (10 damage)
             ... with a puff of flame
             ... on level 2 of the Dungeon.
             The game lasted 00:01:38 (2081 turns).

spiderkeys the Skirmisher (Ghoul Abyssal Knight)    Turns: 2081, Time: 00:01:38

Health: -3/40      AC:  8    Str: 18    XL:     4   Next: 44%
Magic:  5/5        EV:  7    Int:  5    God:    Lugonu [***...]
Gold:   67         SH:  0    Dex:  9    Spells: 3/3 levels left

rFire   . . .      SeeInvis .   a - +1 hand axe
rCold   + . .      Faith    .   (no shield)
rNeg    + + +      Spirit   .   f - +0 chain mail
rPois   ∞          Reflect  .   (no helmet)
rElec   .          Harm     .   (no cloak)
rCorr   .          Rampage  .   (no gloves)
Will    .....                   (no boots)
Stlth   ..........              (no amulet)
HPRegen 0.00/turn               (no ring)
MPRegen 0.09/turn               (no ring)

@: inhibited regen, slowed, very slow
A: claws 1, cold resistance 1, negative energy resistance 3, inhibited
regeneration, torment resistance 2, devour on kill
a: Renounce Religion, Depart the Abyss, Bend Space, Banish


You were on level 2 of the Dungeon.
You worshipped Lugonu.
Lugonu was most pleased with you.
You visited 1 branch of the dungeon, and saw 2 of its levels.
You visited the Abyss 1 time.

You collected 67 gold pieces.


Innate Abilities, Weirdness & Mutations

You are immune to poison.
You have sharp fingernails.
Your flesh is cold resistant. (rC+)
You are immune to negative energy. (rN+++)
You do not regenerate when monsters are visible.
You are immune to unholy pain and torment.
You thrive by killing the living.


   Skills:
 + Level 4.0 Fighting
 + Level 2.5 Axes
 + Level 2.5 Armour
 - Level 1.0 Dodging
 + Level 2.9 Invocations


You had 3 spell levels left.
You didn't know any spells.
Your spell library contained the following spells:

 Spells                   Type           Power      Damage    Failure   Level
 Airstrike                Air            0%         N/A       100%        4
 Silence                  Hex/Air        0%         N/A       100%        5
 Iron Shot                Conj/Erth      0%         9d1       100%        6

Inventory:

Hand Weapons
 a - a +1 hand axe (weapon)
Missiles
 d - 137 stones
Armour
 f - a +0 chain mail (worn)
   (You found it on level 1 of the Dungeon)
 g - a +0 ring mail
   (You found it on level 1 of the Dungeon)
 i - a +0 scale mail
   (You found it on level 2 of the Dungeon)
Scrolls
 j - a scroll of enchant armour {unknown}
 l - a scroll of fog {unknown}
 m - a scroll of vulnerability {unknown}
Potions
 b - a potion of heal wounds {unknown}
 c - a potion of flight {unknown}
 e - a potion of berserk rage {unknown}
 h - a potion of attraction {unknown}
 k - a potion of curing {unknown}

Dungeon Overview and Level Annotations

Branches:
Dungeon (2/15)

Altars:
The Shining One

Annotations:
D:2 1 runed translucent door, Crazy Yiuf, Natasha

#.# #.### ##..#.# #.#
#.#### #.#.. ...#.# #.#
#....# #.#.# ###.#.###.#
####.# #.#.# #........
#.# #.#.# ###.###.# #.#
##.#.# #.# #.###.#..####
#.# #...5###....## #.#
####..##@#......## # #..
##........h)#.....##.#
###
#...≈.≈≈≈≈⌠........#.#
#...≈.....⌠...<......#
#...⌠.###.≈........###
##..≈.#_#.⌠.#.....#####
##.⌠.#.#.⌠...........####
#.≈.#.#.≈..####.###....#
#.⌠.P.†††..# #.# ####.#


You could see Natasha and a white imp (summoned).


Message History

You take 13 damage, and now have 26/40 hp.
MASSIVE DAMAGE!! (PAUSE)
You barely miss Natasha. Natasha completely misses you.
You hit Natasha. Natasha claws you but does no damage.
You slash Natasha! Natasha claws you but does no damage.
Natasha claws you. 😮 HP[-4]
You take 4 damage, and now have 22/40 hp.
You barely miss Natasha. Natasha closely misses you.
You hit Natasha.
You kill Natasha!
Lugonu accepts your kill.
Natasha screams in pain as she dies!
Your Fighting skill increases to level 4! 😮 HP[+1]
You see here the felid corpse of Natasha.
Key pressed, stopping explore.
Key pressed, stopping explore.
Found a stone staircase leading down. 😎 HP[+17]
Your hp is fully restored (40).
Key pressed, stopping explore.
k - a golden potion Key pressed, stopping explore.
You open the door.
There is an open door here.
There is an open door here.
You now have 48 gold pieces (gained 4).
You now have 67 gold pieces (gained 19).
Found a stone staircase leading up.
There is a stone staircase leading up here.
A bat comes into view.
The bat hits you but does no damage. The bat barely misses you.
You hit the bat. The bat hits you but does no damage.
The bat barely misses you.
You slash the bat!
You kill the bat!
Lugonu accepts your kill.
No target in view!
d - 137 stones (gained 33) Key pressed, stopping explore.
Crazy Yiuf shouts!
There is a stone staircase leading down here.
There is a stone staircase leading down here.
Found an escape hatch in the ceiling.
There is an escape hatch in the ceiling here.
You open the door.
Found a stone staircase leading down.
There is a stone staircase leading down here.
l - a scroll labelled NOWUMOIKIU
m - a scroll labelled NEGUOCH QOHOAPT Natasha, Servant of Life and Death comes into view.
She is carrying a wand of flame (17).
Natasha zaps a wand.
The puff of flame hits you. 😕 HP[-3]
You take 3 damage, and now have 37/40 hp.
You start resting.
Natasha is nearby!
A hobgoblin comes into view.
You barely miss Natasha.
Natasha zaps a wand.
The puff of flame hits you! 😮 HP[-7]
You take 7 damage, and now have 30/40 hp.
You miss Natasha.
Natasha stares at you and mumbles some strange words.
You feel yourself slow down.
You barely miss Natasha. Natasha casts a spell at you.
The magic dart hits you but does no damage.
Natasha wildly gestures.
Natasha shimmers violently.
Natasha claws you. 😮 HP[-2]
You take 2 damage, and now have 28/40 hp.
You closely miss Natasha. Natasha claws you.
Natasha claws you but does no damage. 😮 HP[-6]
You take 6 damage, and now have 22/40 hp.
You closely miss Natasha.
Natasha zaps a wand.
The puff of flame hits you!
* * * LOW HITPOINT WARNING * * *
Natasha mumbles some strange words. 😨 HP[-8]
You take 8 damage, and now have 14/40 hp.
You slash Natasha! You hit the white imp.
Natasha howls an incantation.
Natasha's front paws start to glow.
Natasha barely misses you.
The white imp hits you but does no damage.
Natasha zaps a wand.
The puff of flame hits you!
* * * LOW HITPOINT WARNING * * *
😱 HP[-7]
You take 7 damage, and now have 7/40 hp.
You hit Natasha but do no damage. You hit the white imp but do no damage.
The white imp hits you but does no damage.
Natasha zaps a wand.
The puff of flame hits you!
You die...

Skill      XL: |  1  2  3  4 |
---------------+-------------+-----
Dodging        | 1 |  1.0
Axes           | 2 |  2.5
Armour         | 2 |  2.5
Fighting       | 4 |  4.0
Invocations    | |  2.9

Action                   |  1- 3 |  4- 6 || total
-------------------------+-------+-------++-------
Melee: Hand axe          |    82 |    14 ||    96
Armor: Leather armour    |    10 |       ||    10
       Chain mail        |    44 |     8 ||    52
Dodge: Dodged            |    57 |     5 ||    62

Levels and vault maps discovered:
D:1:      minmay_arrival_pointy, layout_basic
D:2:      layout_loops_ring, shapermc_ecumenical_altar_acropolis, basic_altar,
          chequers_serial_rivers_room_a, uniq_natasha, uniq_crazy_yiuf_cottage

Notes
Turn   | Place    | Note
-------+----------+-------------------------------------------
     0 | Abyss:1  | spiderkeys the Ghoul Abyssal Knight began the quest for the
                  | Orb.
     0 | Abyss:1  | Reached XP level 1. HP: 19/19 MP: 1/1
     0 | Abyss:1  | magus.rc [v1.11.3]
    36 | Abyss:1  | Noticed a will-o-the-wisp
    38 | D:1      | You pass through the gate.
    38 | D:1      | Escaped the Abyss
   268 | D:1      | Reached skill level 1 in Dodging
   308 | D:1      | You add the spells Airstrike, Silence and Iron Shot to your
                  | library.
   308 | D:1      | Got the Volume of the Shore
   329 | D:1      | Reached XP level 2. HP: 16/26 MP: 2/2
   332 | D:1      | Reached skill level 2 in Axes
   332 | D:1      | Reached skill level 2 in Armour
  1160 | D:2      | Found a faded altar of an unknown god.
  1173 | D:2      | Reached XP level 3. HP: 29/31 MP: 3/3
  1387 | D:2      | Reached *** piety under Lugonu
  1444 | D:2      | Noticed Natasha
  1453 | D:2      | Killed Natasha
  1454 | D:2      | Reached XP level 4. HP: 20/40 MP: 3/5
  1625 | D:2      | Noticed Natasha
  1632 | D:2      | Killed Natasha
  1633 | D:2      | Reached skill level 4 in Fighting
  1904 | D:2      | Found a runed translucent door.
  1905 | D:2      | Noticed Crazy Yiuf
  2070 | D:2      | Noticed Natasha
  2080 | D:2      | HP: 7/40 [Natasha/puff of flame (7)]
  2081 | D:2      | Killed from afar by Natasha

Vanquished Creatures
  Natasha (twice) (D:2)
  A dart slug (D:1)
  4 ball pythons
  4 endoplasms
  A giant cockroach (D:1)
  3 goblins
  2 hobgoblins
  4 jackals (D:2)
  3 kobolds
  3 bats
  A frilled lizard (D:1)
  A rat (D:1)
29 creatures vanquished.

Vanquished Creatures (others)
  A fungus (D:2)
  4 plants (D:2)
5 creatures vanquished.

Grand Total: 34 creatures vanquished

Table legend:
 A = Non-vault XP
 B = Vault XP
 C = Vault XP percentage of total XP
 D = Non-vault monster count
 E = Vault monster count
 F = Vault count percentage of total count
                 A         B        C        D         E       F
            +---------+---------+-------+---------+---------+-------
      Total |      84 |      35 |  29.4 |      28 |       1 |   3.4
            +---------+---------+-------+---------+---------+-------
        D:1 |      28 |       0 |   0.0 |      15 |       0 |   0.0
        D:2 |      56 |      35 |  38.5 |      13 |       1 |   7.1
            +---------+---------+-------+---------+---------+-------

Illustrated notes

Table legend:
 A = Kills in this place as a percentage of kills in entire the game.
 B = Kills by you in this place as a percentage of kills by you in the entire game.
 C = Kills by friends in this place as a percentage of kills by friends in the entire game.
 D = Other kills in this place as a percentage of other kills in the entire game.
 E = Experience gained in this place as a percentage of experience gained in the entire game.
 F = Experience gained in this place divided by the number of levels of this place that you have seen.
                   A       B       C       D       E      F
               +-------+-------+-------+-------+-------+----------------------
         Total | 100.0 | 100.0 |   N/A |   N/A | 100.0 |  39.7
       Dungeon | 100.0 | 100.0 |   N/A |   N/A | 100.0 |  59.5
               +-------+-------+-------+-------+-------+----------------------

Table legend: (Time is in decaauts)
 A = Elapsed time spent in this place.
 B = Non-inter-level travel time spent in this place.
 C = Inter-level travel time spent in this place.
 D = Time resting spent in this place.
 E = Time spent auto-exploring this place.
 F = Levels seen in this place.
 G = Mean time per level.
                   A        B        C        D        E       F      G
               +--------+--------+--------+--------+--------+-----+--------+
         Total |   2108 |   2094 |     14 |    202 |   1646 |   3 |  702.7 |
       Dungeon |   2070 |   2056 |     14 |    202 |   1616 |   2 | 1035.0 |
         Abyss |     38 |     38 |      0 |      0 |     30 |   1 |   38.0 |
               +--------+--------+--------+--------+--------+-----+--------+

Top non-repeatable levels by time:
     D:1: 1121 daAuts
     D:2: 948 daAuts
 Abyss:1: 38 daAuts
